 Dungeon Crawl Stone Soup version 0.30-a0-1124-g6e8f0f562f (webtiles) character file.

Game seed: 2573960760596859426

51 CryoSword the Caller (level 3, -8/28 HPs)
             Began as a Demigod Summoner on Apr 23, 2023.
             Killed by divine providence
             ... invoked by an orc priest
              (15 damage)
             ... on level 3 of the Dungeon.
             The game lasted 00:03:01 (1890 turns).

CryoSword the Caller (Demigod Summoner)             Turns: 1890, Time: 00:03:02

Health: -8/28      AC:  3    Str: 19    XL:     3   Next: 36%
Magic:  8/8        EV: 12    Int: 17    God:
Gold:   138        SH:  0    Dex: 14    Spells: 2/5 levels left

rFire   . . .        g - +2 hand axe (heavy)
rCold   . . .        (no shield)
rNeg    . . .        a - +0 robe
rPois   .            f - +0 helmet
rElec   .            (no cloak)
rCorr   +            (no gloves)
SInv    .            (no boots)
Will    .....        (no amulet)
Stlth   ++           h - +6 ring of strength
HPRegen 0.24/turn    j - ring of resist corrosion
MPRegen 0.11/turn

%: no passive effects
@: no status effects
A: high MP 1, forlorn, divine attributes
a: no special abilities


You were on level 3 of the Dungeon.
You visited 1 branch of the dungeon, and saw 3 of its levels.

You collected 138 gold pieces.

Inventory:

Hand Weapons
 c - a +4 dagger
   (You took it off a kobold on level 1 of the Dungeon)
 g - a +2 heavy hand axe (weapon)
   (You found it on level 1 of the Dungeon)
Armour
 a - a +0 robe (worn)
 f - a +0 helmet (worn)
   (You found it on level 1 of the Dungeon)
Jewellery
 h - a +6 ring of strength (left hand)
   (You found it on level 1 of the Dungeon)
 j - a ring of resist corrosion (right hand)
   (You found it on level 1 of the Dungeon)
Scrolls
 d - a scroll of silence {unknown}
 e - a scroll of fog {unknown}
 i - a scroll of immolation {unknown}
 l - a scroll of noise {!r}
 n - a scroll of enchant weapon {unknown}
 o - a scroll of identify {@r1}
Potions
 b - a potion of magic
 k - a potion of berserk rage
 m - a potion of cancellation {unknown}


   Skills:
 + Level 1.5 Fighting
 * Level 1.8 Polearms
 - Level 1.7 Dodging
 - Level 1.7 Stealth
 - Level 1.7 Spellcasting
 - Level 3.6 Summonings
 * Level 1.1 Ice Magic


You had 2 spell levels left.
You knew the following spells:

 Your Spells              Type           Power      Damage    Failure   Level
a - Summon Small Mammal   Summ           52%        N/A       4%          1
b - Call Imp              Summ           26%        N/A       7%          2

Your spell library contained the following spells:

 Spells                   Type           Power      Damage    Failure   Level
 Call Canine Familiar     Summ           13%        N/A       14%         3
 Summon Guardian Golem    Hex/Summ       7%         N/A       28%         3
 Ozocubu's Armour         Ice            5%         N/A       36%         3
 Summon Lightning Spire   Summ/Air       7%         N/A       67%         4
 Ozocubu's Refrigeration  Ice            2%         4d8       100%        7


Dungeon Overview and Level Annotations

Branches:
Dungeon (3/15)


Innate Abilities, Weirdness & Mutations

You have an increased reservoir of magic. (+10% MP)
You shall have no god before yourself.
Your divine heritage dramatically boosts your attributes as you level up.


Message History

Your cerulean imp closely misses the bat.
A bat is nearby!
A bat is nearby!
You swap places.
The bat hits you but does no damage.
Your cerulean imp misses the bat.
The bat barely misses you.
You barely miss the bat. The bat closely misses you.
The bat hits you but does no damage.
Your cerulean imp closely misses the bat.
The bat hits you but does no damage.
You hit the bat but do no damage. The bat barely misses you.
Your cerulean imp hits the bat from afar with a -3 spear.
The bat hits you but does no damage.
Your cerulean imp misses the bat.
You slash the bat!
You kill the bat!
No target in view!
Your cerulean imp disappears in a puff of smoke!
A rat comes into view.
A rat is nearby!
A rat is nearby!
A rat is nearby!
A tiny devil pulls itself out of the air.
The rat barely misses you.
You slash the rat!
You kill the rat!
No target in view!
Your cerulean imp disappears in a puff of smoke!
Found a ring mail.
You see here a +0 ring mail.
A rat comes into view.
A rat is nearby!
A rat is nearby!
A rat is nearby!
A rat is nearby!
A tiny devil pulls itself out of the air.
The rat bites you.
Your cerulean imp closely misses the rat.
You slash the rat!
You kill the rat!
No target in view!
You see here a rat corpse.
Your cerulean imp disappears in a puff of smoke!
There is an open door here.
There is an open door here.
There is an open door here.
Found a stone staircase leading down.
A rat comes into view.
A rat is nearby!
A rat is nearby!
A rat is nearby!
The rat misses you.
A tiny devil pulls itself out of the air.
The rat closely misses you.
You slash the rat!
You kill the rat!
No target in view!
Could not explore, unopened door.
Could not explore, unopened door.
Could not explore, unopened door.
You open the door.
Your cerulean imp disappears in a puff of smoke!
There is an open door here.
You now have 129 gold pieces (gained 7).
Could not explore, unopened door.
You open the door.
There is an open door here.
A kobold comes into view. It is wielding a +0 whip.
Found 9 gold pieces.
A kobold is nearby!
A kobold is nearby!
The kobold shouts!
A tiny devil pulls itself out of the air.
You swap places.
The kobold barely misses you.
Your cerulean imp closely misses the kobold.
You hit the kobold. The kobold barely misses you.
Your cerulean imp barely misses the kobold.
The kobold hits you with a +0 whip.
You hit the kobold.
You kill the kobold!
No target in view!
Your cerulean imp disappears in a puff of smoke!
You see here a +0 whip.
You now have 138 gold pieces (gained 9).
Key pressed, stopping explore.
There is an open door here.
Found a club and 5 stones.
You see here a +0 club.
Done exploring.
Done exploring.
Done exploring.
There is a stone staircase leading down here.
You climb downwards.
Found a glowing barding.
Found a stone staircase leading up.
There is a stone staircase leading up here.
An orc and an orc priest come into view.
There are monsters nearby!
There are monsters nearby!
There are monsters nearby!
An orc wizard comes into view. It is wielding a +0 dagger.
The orc wizard shouts!
The orc wizard casts a spell at you. The puff of flame misses you.
The orc priest shouts!
A tiny devil pulls itself out of the air.
You hear a shout!
You hear an angry hiss.
You hear a shout! x2
An orc comes into view. It is wielding a +0 falchion.
An adder comes into view.
The orc priest looks braver for a moment.
An orc comes into view. It is wielding a +0 mace.
The orc moves out of view.
A ball python comes into view.
Found 13 gold pieces.
The ball python moves out of view.
Found 7 stones.
The orc priest looks satisfied for a moment.
The orc wizard hits you with a +0 dagger.
The orc hits you with a +0 falchion.
You closely miss the orc wizard. You barely miss the orc.
Your cerulean imp closely misses the orc wizard.
The orc hits you with a +0 falchion.
The orc wizard hits you with a +0 dagger.
* * * LOW HITPOINT WARNING * * *
Your cerulean imp hits the orc wizard but does no damage.
You are too injured to fight recklessly!
You swap places.
The orc wizard closely misses your cerulean imp.
The orc priest hits your cerulean imp but does no damage.
The orc closely misses your cerulean imp.
Your cerulean imp closely misses the orc wizard.
The orc priest closely misses your cerulean imp.
The orc wizard hits your cerulean imp with a +0 dagger.
The orc hits your cerulean imp with a +0 falchion.
Your cerulean imp hits the orc wizard but does no damage.
The orc wizard hits your cerulean imp with a +0 dagger.
The orc closely misses your cerulean imp.
Your cerulean imp completely misses the orc wizard.
The orc wizard hits your cerulean imp but does no damage.
The orc priest invokes the aid of Beogh against you.
Beogh smites you!
* * * LOW HITPOINT WARNING * * *
The orc closely misses your cerulean imp.
The orc misses your cerulean imp.
Your cerulean imp hits the orc wizard but does no damage.
Your cerulean imp closely misses the orc wizard.
Found a scroll labelled FIAMPI HEPH.
The orc priest calls down the wrath of Beogh upon you.
You barely resist.
Your cerulean imp barely misses the orc priest.
The orc priest mumbles some strange prayers to Beogh against you.
Beogh smites you!
Ouch! That really hurt!
You die...

####.#### #.....5.#
#.##.##o#
#####.##.##.####
##...#.#........####
.....#.............#
.#...###..##.##.##.#
#.#.####..##.##.##.###
##........##?##.@....#
#..######.##.#####.#.#
.#.# #.##.. # ##.#
#.### #.# .. #.# ..
#.## ... #..# ... ##.#


You could see an orc priest and a friendly cerulean imp (summoned).

Vanquished Creatures
  A worm (D:2)
  A dart slug (D:2)
  A ball python (D:1)
  5 bats
  6 endoplasms
  3 giant cockroaches
  5 hobgoblins
  2 jackals (D:2)
  7 kobolds
  2 frilled lizards (D:1)
  3 goblins (D:1)
  5 rats
41 creatures vanquished.

Vanquished Creatures (collateral kills)
  A bat (D:1)
  A frilled lizard (D:1)
2 creatures vanquished.

Grand Total: 43 creatures vanquished

Notes
Turn   | Place    | Note
-------+----------+-------------------------------------------
     0 | D:1      | CryoSword the Demigod Summoner began the quest for the Orb.
     0 | D:1      | Reached XP level 1. HP: 14/14 MP: 5/5
   118 | D:1      | Reached skill level 1 in Fighting
   306 | D:1      | Reached XP level 2. HP: 23/23 MP: 7/7
   317 | D:1      | Reached skill level 1 in Polearms
   323 | D:1      | Learned a level 2 spell: Call Imp
   930 | D:2      | Reached XP level 3. HP: 23/28 MP: 8/8
  1216 | D:2      | Reached skill level 1 in Ice Magic
  1890 | D:3      | Killed from afar by an orc priest

Illustrated notes

Levels and vault maps discovered:
D:1:      minmay_arrival_three_doors, layout_basic, serial_corexii_hall,
          chequers_hall_statues_y, chequers_hall_statues_wall_a,
          corexii_hall_statues_x, serial_bayou_pond_d
D:2:      layout_basic, dreamdust_princess_bridge
D:3:      layout_loops_cross, hellmonk_ecumenical_altar_crossroads,
          minmay_misc_feat_four_crosses

Skill      XL: |  1  2  3 |
---------------+----------+-----
Fighting       | 1 |  1.5
Polearms       | 1 |  1.8
Ice Magic      | 1 |  1.1
Dodging        | |  1.7
Stealth        | |  1.7
Spellcasting   | |  1.7
Summonings     | |  3.6

Action                     || total
---------------------------++-------
  Melee: Unarmed           ||    23
         Dagger            ||     5
         Hand axe          ||    67
   Cast: Summon Small Mamm ||    11
         Call Imp          ||     9
    Use: Scroll            ||     2
   Stab: Sleeping          ||     4
         Distracted        ||     1
 Armour: Robe              ||    42
  Dodge: Dodged            ||    85

Table legend: (Time is in decaauts)
 A = Elapsed time spent in this place.
 B = Non-inter-level travel time spent in this place.
 C = Inter-level travel time spent in this place.
 D = Time resting spent in this place.
 E = Time spent auto-exploring this place.
 F = Levels seen in this place.
 G = Mean time per level.
                   A        B        C        D        E       F      G
               +--------+--------+--------+--------+--------+-----+--------+
         Total |   1948 |   1897 |     51 |      0 |   1483 |   3 |  649.3 |
       Dungeon |   1948 |   1897 |     51 |      0 |   1483 |   3 |  649.3 |
               +--------+--------+--------+--------+--------+-----+--------+

Top non-repeatable levels by time:
     D:2: 997 daAuts
     D:1: 894 daAuts
     D:3: 56 daAuts
